Map: Wieczny Sen ER

Players

Cham

  • Race: Zerg Zerg
  • Spawn Location: 7:00

Krystianer - Winner!

  • Race: Protoss Protoss
  • League: Grandmaster
  • Spawn Location: 1:00

VOD

Have the link to the VOD?

Description

Time

  • Played on: July 21, 2020, 2:30 p.m.
  • Length: 12:40
Show
View Real Time Build Order
Export as new Build Order

Cham Zerg 

Build Orders: Hatch First 

Get SALT Encoding   

  12  0:00  Drone  
  13  0:08  Drone  
  14  0:16  Overlord  
  14  0:34  Drone  
  14  0:35  Drone  
  16  0:50  Hatchery  
  16  0:52  Drone  
  16  0:55  Drone  
  17  0:58  Drone  
  18  1:09  Extractor  
  17  1:15  Spawning Pool  
  17  1:18  Drone  
  17  1:20  Drone  
  18  1:28  Drone  
  19  1:41  Drone  
  20  1:52  Overlord  
  20  2:02  Queen  
  20  2:03  Queen  
  20  2:04  Zergling x4  
  26  2:14  Metabolic Boost  
  26  2:15  Drone  
  27  2:17  Drone  
  28  2:23  Drone x2  
  30  2:37  Hatchery  
  30  2:42  Queen  
  31  2:46  Drone  
  31  2:47  Drone  
  33  2:53  Drone x2  
  35  3:05  Drone  
  35  3:07  Overlord  
  36  3:17  Overlord  
  34  3:31  Drone x2  
  34  3:32  Drone x4  
  39  3:37  Spore Crawler  
  38  3:42  Drone x4  
  38  3:43  Drone x2  
  44  3:49  Queen  
  44  3:52  Drone x2  
  44  3:53  Drone  
  49  4:02  Queen  
  51  4:04  Drone  
  51  4:05  Drone  
  51  4:08  Overlord  
  53  4:13  Spore Crawler  
  53  4:14  Drone x2  
  54  4:23  Spore Crawler  
  54  4:24  Drone x4, Spore Crawler  
  53  4:34  Drone  
  53  4:37  Drone x3  
  53  4:38  Drone x2  
  59  4:42  Lair  
  59  4:43  Overlord  
  59  4:45  Extractor  
  58  4:49  Drone  
  58  4:50  Drone x3  
  62  4:54  Overlord, Drone  
  63  5:04  Zergling x6  
  66  5:08  Zergling x6  
  66  5:13  Drone  
  70  5:15  Drone  
  70  5:17  Evolution Chamber  
  70  5:18  Extractor  
  70  5:19  Extractor, Drone x2  
  70  5:21  Extractor  
  70  5:22  Extractor, Baneling Nest  
  70  5:24  Drone, Overlord  
  68  5:30  Drone x2  
  68  5:31  Drone  
  70  5:36  Drone x2  
  70  5:41  Drone x4  
  75  5:45  Drone x2  
  75  5:47  Drone x3  
  79  5:56  Drone  
  78  5:59  Drone  
  78  6:00  Drone  
  78  6:03  Hydralisk Den  
  79  6:05  Centrifical Hooks  
  79  6:06  Zerg Melee Weapons Level 1  
  79  6:08  Overlord  
  79  6:10  Overlord  
  79  6:13  Overlord  
  79  6:18  Zergling x2  
  79  6:19  Zergling x10  
  79  6:22  Overlord  
  79  6:23  Overlord  
  85  6:26  Hatchery, Drone  
  85  6:27  Drone  
  86  6:36  Hydralisk x3, Grooved Spines  
  92  6:44  Hydralisk x3  
  97  6:47  Hydralisk x4  
  97  6:51  Hydralisk x2  
  103  7:00  Hydralisk x3  
  103  7:01  Hydralisk  
  109  7:03  Hydralisk  
  113  7:09  Drone  
  113  7:11  Zergling x6  
  117  7:17  Hydralisk x2  
  117  7:18  Zergling x2  
  117  7:21  Overlord  
  121  7:30  Zergling x14  
  121  7:31  Baneling  
  121  7:32  Baneling x9  
  121  7:35  Zergling x4  
  130  7:39  Hydralisk x2  
  130  7:42  Baneling  
  131  7:48  Muscular Augments  
  131  7:50  Drone  
  131  7:51  Drone x7  
  136  7:52  Drone x3  
  136  7:54  Drone  
  136  7:57  Baneling x2  
  143  8:01  Drone  
  143  8:03  Overlord x3  
  143  8:04  Unknown  
  143  8:06  Zerg Melee Weapons Level 2  
  143  8:11  Overlord  
  141  8:20  Hydralisk x2  
  141  8:21  Zergling x8  
  141  8:22  Zergling x2  
  145  8:33  Hydralisk x2  
  133  8:34  Zergling x2  
  133  8:38  Zergling x2  
  133  8:39  Zergling x14  
  133  8:40  Baneling x2  
  137  8:45  Baneling  
  137  8:46  Baneling x6  
  133  8:48  Zergling x2  
  133  8:50  Hatchery  
  133  8:55  Zergling x2  
  133  8:57  Baneling  
  133  8:58  Baneling x6  
  131  9:04  Unknown  
  131  9:08  Drone x3  
  133  9:10  Infestation Pit  
  133  9:15  Zergling x4  
  133  9:16  Zergling x4, Overlord  
  133  9:17  Zergling x4  
  138  9:26  Hatchery  
  138  9:28  Drone  
  138  9:32  Zergling x12  
  138  9:36  Hydralisk  
  146  9:41  Hydralisk x2  
  150  9:47  Hydralisk, Zergling x2  
  150  9:48  Zergling x6  
  154  9:56  Hydralisk x2  
  154  9:57  Zergling x8  
  156  10:09  Zergling x6  
  156  10:10  Zergling x16  
  167  10:15  Baneling x4  
  167  10:16  Baneling x4  
  167  10:17  Baneling x7  
  167  10:21  Zergling x8  
  151  10:30  Zergling x8  
  151  10:32  Hive  
  152  10:39  Drone  
  152  10:40  Drone  
  152  10:41  Spire, Drone x5  
  158  10:46  Zergling x2  
  158  10:47  Zergling x4  
  161  10:50  Zergling x2  
  161  10:56  Zergling x6  
  165  10:59  Baneling x6  
  165  11:00  Baneling, Drone x2  
  167  11:04  Drone x4  
  167  11:09  Hatchery  
  170  11:15  Drone x2  
  170  11:16  Drone x3  
  164  11:29  Zergling x20  
  136  11:37  Hydralisk  
  136  11:38  Zergling x8  
  136  11:39  Hydralisk x3  
  136  11:45  Hydralisk x3  
  136  11:46  Hydralisk, Zergling x2, Extractor  
  146  11:48  Baneling x6  
  146  11:49  Zergling x4, Baneling  
  146  11:53  Baneling  
  146  11:54  Baneling  
  144  11:55  Zergling x2  
  144  11:56  Hydralisk  
  144  11:59  Baneling x6  
  144  12:00  Zergling x2  
  139  12:07  Hydralisk x2  
  136  12:13  Hydralisk x2  
  136  12:15  Hydralisk x4  
  130  12:16  Hydralisk x2  
  130  12:17  Zergling x2  
Show
View Real Time Build Order
Export as new Build Order

Krystianer Protoss - Winner!

Build Orders: 1 Gate Expand, Oracle Opening, Archon Immortal, Archon Drop 

Get SALT Encoding   

  12  0:00  Probe  
  13  0:12  Probe  
  14  0:18  Pylon  
  14  0:23  Probe  
  15  0:32  Probe  
  15  0:41  Probe, Gateway  
  16  0:49  Assimilator  
  17  0:53  Probe  
  18  1:05  Probe  
  19  1:17  Probe  
  20  1:26  Nexus  
  20  1:35  Cybernetics Core  
  20  1:38  Probe  
  21  1:44  Assimilator  
  21  1:50  Probe  
  21  1:53  Pylon  
  22  2:01  Adept  
  22  2:02  Probe  
  23  2:15  Probe  
  26  2:21  Stargate, Adept  
  26  2:27  Probe  
  27  2:34  Probe  
  27  2:35  Warp Gate  
  29  2:41  Probe  
  29  2:42  Probe  
  32  2:52  Probe  
  32  2:53  Probe  
  34  3:04  Oracle, Probe  
  34  3:05  Probe  
  39  3:08  Shield Battery  
  39  3:12  Stalker  
  41  3:16  Probe  
  40  3:34  Probe  
  40  3:35  Probe  
  42  3:41  Gateway  
  42  3:44  Probe, Assimilator  
  42  3:47  Probe, Assimilator  
  44  3:48  Robotics Facility  
  44  3:50  Pylon  
  44  3:52  Probe  
  44  3:54  Twilight Council  
  44  3:59  Probe  
  46  4:07  Probe  
  47  4:11  Probe  
  47  4:15  Gateway x2  
  47  4:16  Pylon  
  48  4:19  Probe  
  49  4:25  Probe  
  49  4:26  Warp Prism  
  50  4:33  Probe  
  50  4:37  Adept x2  
  57  4:46  Probe, Templar Archives  
  58  4:56  Pylon  
  58  4:59  Nexus  
  58  5:01  Probe x2  
  60  5:07  Forge  
  60  5:11  Pylon  
  60  5:13  Probe x2  
  62  5:20  Immortal  
  62  5:23  High Templar x4  
  62  5:27  Archon  
  62  5:28  Archon  
  70  5:32  Probe  
  75  5:38  Probe  
  74  5:44  Probe  
  73  5:50  Probe  
  73  5:54  Immortal  
  74  5:57  Protoss Ground Weapons Level 1  
  75  6:06  Gateway  
  75  6:07  Gateway, Charge  
  75  6:08  Probe  
  75  6:11  Probe x2  
  80  6:14  Zealot x2  
  80  6:16  Probe  
  80  6:17  Pylon, Sentry  
  80  6:18  Sentry  
  89  6:24  Probe  
  89  6:25  Immortal  
  91  6:26  Pylon  
  91  6:30  Assimilator  
  91  6:31  Probe  
  91  6:34  Assimilator, Probe  
  97  6:42  Probe, Gateway  
  97  6:44  Gateway  
  97  6:45  Probe  
  97  6:46  Probe  
  100  6:50  Zealot x2  
  105  6:55  Immortal  
  105  6:57  Probe  
  105  7:03  Pylon  
  105  7:06  Pylon  
  105  7:08  Pylon  
  109  7:14  Pylon  
  109  7:18  Pylon  
  109  7:23  High Templar  
  109  7:24  High Templar x3, Stalker  
  109  7:25  Zealot  
  109  7:26  Immortal  
  121  7:30  Pylon  
  121  7:31  Archon x2  
  121  7:32  Pylon  
  125  7:43  Zealot  
  125  7:44  Zealot  
  129  7:57  Zealot x6  
  141  8:03  Pylon  
  138  8:14  Immortal  
  138  8:21  Zealot x8  
  138  8:23  Probe  
  131  8:34  Probe, Psionic Storm  
  132  8:42  Immortal  
  132  8:46  Zealot x2  
  136  8:51  Zealot x2  
  134  9:00  High Templar x4  
  132  9:10  Nexus  
  132  9:11  Protoss Ground Weapons Level 2  
  132  9:16  Observer  
  128  9:22  High Templar x3  
  128  9:23  High Templar  
  137  9:27  Archon  
  137  9:28  Archon  
  137  9:30  Immortal  
  137  9:31  Probe x2, Gateway  
  139  9:33  Zealot x4  
  139  9:34  Gateway  
  147  9:44  Probe x2  
  151  9:55  Zealot x5  
  151  9:59  Zealot  
  163  10:00  Zealot  
  163  10:02  Warp Prism  
  145  10:27  Probe  
  132  10:29  Immortal  
  132  10:31  High Templar x4  
  132  10:32  High Templar x2, Zealot x3  
  132  10:33  Zealot  
  150  10:39  Archon x3  
  150  10:49  Probe x3, Gateway  
  153  10:50  Gateway  
  153  10:52  Assimilator  
  153  10:54  High Templar x2  
  157  10:58  Assimilator  
  157  10:59  Zealot x2  
  161  11:07  Immortal  
  161  11:15  Zealot x6  
  164  11:27  Archon x2  
  164  11:31  Zealot x4  
  140  11:36  Zealot  
  140  11:37  Zealot  
  136  11:45  High Templar x4  
  136  11:46  Warp Prism  
  146  12:01  Zealot x8  
  146  12:03  Probe  
  155  12:09  Probe  
  138  12:26  High Templar  
  138  12:27  High Templar x3  
  134  12:32  Zealot x4  
  134  12:34  Archon  
  134  12:35  Archon  
  128  12:37  Archon, Zealot x2  
  128  12:38  Archon  
Tags
 
Add a new tag
Caveats
  • Supply blocks, unpowered buildings, or Contaminate may cause inaccurate times.
  • Supply counts are checked every 10 seconds.